 Dungeon Crawl Stone Soup version 0.29-a0-857-g9b1aa3ac5b (webtiles) character file.

Game seed: 9263855199416608644

221 porpoise the Ruffian (level 5, -1/67 HPs)
             Began as a Draconian Transmuter on July 16, 2022.
             Slain by a sky beast (2 damage)
             ... on level 4 of the Dungeon.
             The game lasted 00:11:29 (4040 turns).

porpoise the Ruffian (Draconian Transmuter)         Turns: 4040, Time: 00:11:30

Health: -1/67      AC:  6    Str: 14    XL:     5   Next: 65%
Magic:  8/8        EV: 12    Int: 13    God:
Gold:   181        SH:  0    Dex: 12    Spells: 5/8 levels left

rFire   . . .      SeeInvis .     - Unarmed
rCold   + . .      Faith    .   (no shield)
rNeg    . . .      Spirit   .   (body armour unavailable)
rPois   .          Reflect  .   (helmet restricted)
rElec   .          Harm     .   (no cloak)
rCorr   .          Rampage  .   h - +0 pair of gloves
Will    .....                   (no boots)
Stlth   ..........              d - amulet of the acrobat
HPRegen 0.21/turn               e - ring of protection from cold
MPRegen 0.11/turn               (no ring)

@: berserking, very quick
A: AC +5, unfitting armour, cold-blooded
a: no special abilities


You were on level 4 of the Dungeon.
You visited 1 branch of the dungeon, and saw 4 of its levels.

You collected 181 gold pieces.

Inventory:

Hand Weapons
 b - a +0 sling
Missiles
 r - 3 boomerangs
Armour
 h - a +0 pair of gloves (worn)
Jewellery
 d - an amulet of the acrobat (around neck)
 e - a ring of protection from cold (left hand)
 i - an amulet of faith
Scrolls
 c - 2 scrolls of brand weapon {unknown}
 f - 10 scrolls of identify {unknown}
 g - 2 scrolls of noise {unknown}
 j - a scroll of amnesia {unknown}
 k - a scroll of immolation {unknown}
 n - a scroll of poison {unknown}
 p - a scroll of enchant weapon {unknown}
 q - a scroll of fear {unknown}
Potions
 a - a potion of lignification
 o - a potion of curing {unknown}
 s - a potion of haste {unknown}


   Skills:
 + Level 3.5 Fighting
 - Level 1.7 Dodging
 * Level 5.5 Unarmed Combat
 - Level 2.0 Spellcasting
 - Level 2.0 Transmutations


You had 5 spell levels left.
You knew the following spells:

 Your Spells              Type           Power      Damage    Failure   Level
a - Beastly Appendage     Tmut           12%        N/A       11%         1
w - Wereblood             Tmut           6%         N/A       17%         2

Your spell library contained the following spells:

 Spells                   Type           Power      Damage    Failure   Level
 Necrotise                Necr           4%         1d4       26%         1
 Spider Form              Tmut/Pois      3%         N/A       45%         3
 Stone Arrow              Conj/Erth      2%         3d7       58%         3
 Vampiric Draining        Necr           1%         2d6       58%         3
 Ice Form                 Ice/Tmut       3%         N/A       86%         4
 Agony                    Necr           1%         N/A       100%        5
 Lehudib's Crystal Spear  Conj/Erth      0%         10d2      100%        8
 Animate Armour           Summ/Erth      Unusable   N/A       N/A         4

Dungeon Overview and Level Annotations

Branches:
Dungeon (4/15)
 Temple: D:4-7

Altars:

Shops:
D:2 (

Annotations:
D:3 Natasha


Innate Abilities, Weirdness & Mutations

Your plain brown scales are hard. (AC +5)
You cannot fit into any form of body armour.
You are cold-blooded and may be slowed by cold attacks.


Message History

Your tail-slap misses something.
Something hits you. Something shocks you.
You miss something.
Your transformation is almost over.
Something hits you. Something shocks you.
You barely miss something. Your kick misses something.
Your tail-slap misses something.
You punch something. Something hits you but does no damage.
You hit something but do no damage. Your headbutt misses something.
Something hits you but does no damage.
You hit something. Something hits you. Something shocks you.
You miss something. Something hits you but does no damage.
You hit something. Your kick misses something. Your headbutt misses something.
You barely miss something. Your kick misses something. You headbutt something.
Something hits you. Something shocks you.
* * * LOW HITPOINT WARNING * * *
You closely miss something. Your kick misses something.
Your headbutt misses something. Something hits you.
* * * LOW HITPOINT WARNING * * *
Something shocks you.
* * * LOW HITPOINT WARNING * * *
Unknown command.
It was a potion of heal wounds.
You feel much better. Something hits you. Something shocks you.
You completely miss something. Your kick misses something.
Something hits you but does no damage.
You completely miss something. Your kick misses something.
Your horns disappear.
Your talons disappear.
Something hits you but does no damage.
You closely miss something. Something hits you.
* * * LOW HITPOINT WARNING * * *
Something shocks you.
* * * LOW HITPOINT WARNING * * *
You miss something. Something hits you.
* * * LOW HITPOINT WARNING * * *
Something shocks you.
* * * LOW HITPOINT WARNING * * *
It was a potion of berserk rage.
A red film seems to cover your vision as you go berserk!
You feel yourself moving faster!
You feel mighty! Something hits you.
You die...

###### .......
.. ..<....#.
.?.......
w........
.....<..#
.......?########
........@{......
###...<........
#.###........ ..
#........ .
.........
.........
#........
#########


There were no monsters in sight!

Vanquished Creatures
  Natasha (twice) (D:3)
  2 orc wizards
  5 adders
  A worm (D:2)
  A dart slug (D:1)
  6 orcs (D:3)
  7 bats
  7 endoplasms
  2 giant cockroaches
  6 hobgoblins
  3 quokkas
  9 ball pythons
  3 frilled lizards
  6 goblins
  5 kobolds
  3 rats
68 creatures vanquished.

Notes
Turn   | Place    | Note
-------+----------+-------------------------------------------
     0 | D:1      | porpoise the Draconian Transmuter began the quest for the
                  | Orb.
     0 | D:1      | Reached XP level 1. HP: 16/16 MP: 3/3
   453 | D:1      | Reached XP level 2. HP: 23/23 MP: 5/5
   803 | D:1      | Found a faded altar of an unknown god.
  1183 | D:1      | Reached XP level 3. HP: 28/29 MP: 6/6
  1278 | D:2      | Learned a level 2 spell: Wereblood
  1321 | D:2      | Reached skill level 4 in Unarmed Combat
  1412 | D:2      | Found Ciucer's Weapon Shop.
  2114 | D:2      | Reached XP level 4. HP: 37/37 MP: 7/7
  2715 | D:3      | Reached skill level 5 in Unarmed Combat
  2715 | D:3      | Reached XP level 5. HP: 30/45 MP: 8/8
  3168 | D:3      | Noticed Natasha
  3184 | D:3      | Killed Natasha
  3189 | D:3      | Noticed Natasha
  3195 | D:3      | Killed Natasha
  3727 | D:3      | Noticed Natasha
  4019 | D:4      | Noticed a sky beast
  4039 | D:4      | HP: 1/45 [something (5)]
  4040 | D:4      | Slain by a sky beast

Illustrated notes

Levels and vault maps discovered:
D:1:      dpeg_arrival_morbid_curiosity, layout_loops_corners,
          hellmonk_ecumenical_altar_run_dry
D:2:      layout_basic, serial_shops, shop, minmay_misc_feat_tower,
          minmay_tromino_v7
D:3:      layout_loops_ring, uniq_natasha
D:4:      kennysheep_six_static_rooms, layout_rooms, gup_sewer_entry_bubbles

Skill      XL: |  1  2  3  4 |
---------------+-------------+-----
Fighting       | 2 3 |  3.5
Unarmed Combat | 4 5 |  5.5
Dodging        | |  1.7
Spellcasting   | |  2.0
Transmutations | |  2.0

Action                   |  1- 3 |  4- 6 || total
-------------------------+-------+-------++-------
Melee: Unarmed           |   131 |   124 ||   255
       Tailslap          |    12 |    18 ||    30
       Kick              |     2 |     6 ||     8
       Punch             |     4 |     4 ||     8
       Headbutt          |       |     3 ||     3
 Fire: Sling             |     9 |       ||     9
 Cast: Beastly Appendage |     2 |     4 ||     6
       Wereblood         |       |     1 ||     1
  Use: Potion            |       |     2 ||     2
Armor: Skin              |    29 |    27 ||    56
Dodge: Dodged            |    88 |    60 ||   148

Table legend: (Time is in decaauts)
 A = Elapsed time spent in this place.
 B = Non-inter-level travel time spent in this place.
 C = Inter-level travel time spent in this place.
 D = Time resting spent in this place.
 E = Time spent auto-exploring this place.
 F = Levels seen in this place.
 G = Mean time per level.
                   A        B        C        D        E       F      G
               +--------+--------+--------+--------+--------+-----+--------+
         Total |   4023 |   3733 |    290 |   1004 |   2121 |   4 | 1005.8 |
       Dungeon |   4023 |   3733 |    290 |   1004 |   2121 |   4 | 1005.8 |
               +--------+--------+--------+--------+--------+-----+--------+

Top non-repeatable levels by time:
     D:2: 1415 daAuts
     D:3: 1327 daAuts
     D:1: 1262 daAuts
     D:4: 19 daAuts
